 Dungeon Crawl Stone Soup version 0.21-a0-531-gacddea6 (webtiles) character file.

48 slep the Chopper (level 3, 0/28 HPs)
             Began as a Demonspawn Gladiator on Dec 13, 2017.
             Slain by a leopard gecko (4 damage)
             ... on level 2 of the Dungeon.
             The game lasted 00:02:54 (488 turns).

slep the Chopper (Demonspawn Gladiator)              Turns: 488, Time: 00:02:55

Health: 0/28       AC:  4    Str: 14    XL:     3   Next: 50%
Magic:  3/3        EV: 13    Int:  9    God:
Gold:   51         SH:  0    Dex: 15    Spells: 2/2 levels left

rFire    . . .     SeeInvis .   n - +0 hand axe (venom)
rCold    . . .     Gourm    .   (no shield)
rNeg     . . .     Faith    .   b - +0 leather armour
rPois    .         Spirit   .   c - +0 helmet
rElec    .         Reflect  .   (no cloak)
rCorr    .         Harm     .   (no gloves)
MR       +....                  (no boots)
Stlth    +.........             (no amulet)
HPRegen  0.09/turn              j - ring of protection from magic
MPRegen  0.08/turn              (no ring)

@: no status effects
A: rot immunity
a: no special abilities


You were on level 2 of the Dungeon.
You were not hungry.

You visited 1 branch of the dungeon, and saw 2 of its levels.

You collected 51 gold pieces.

Inventory:

Hand Weapons
 a - a +0 war axe
 n - a +0 hand axe of venom (weapon)
Missiles
 d - 3 throwing nets (quivered)
Armour
 b - a +0 leather armour (worn)
 c - a +0 helmet (worn)
Jewellery
 j - a ring of protection from magic (left hand)
Scrolls
 e - a scroll of remove curse {unknown}
 h - a scroll of immolation {unknown}
 k - a scroll of enchant weapon {unknown}
 o - a scroll of teleportation {unknown}
 q - a scroll of identify {unknown}
Potions
 g - 2 potions of invisibility {unknown}
 i - a potion of haste {unknown}
 m - a potion of flight {unknown}
 p - a potion of mutation {unknown}
Comestibles
 f - 2 bread rations
 l - a royal jelly


   Skills:
 + Level 2.4 Fighting
 + Level 3.6 Axes
 + Level 1.8 Throwing
 + Level 0.1 Armour
 + Level 3.0 Dodging


You had 2 spell levels left.
You didn't know any spells.

Dungeon Overview and Level Annotations

Branches:
Dungeon (2/15)

Altars:


Innate Abilities, Weirdness & Mutations

You are immune to rotting.


Message History

The worm bites you!
* * * LOW HITPOINT WARNING * * *
You hit the worm.
The worm looks as sick as possible!
The worm is almost dead.
You kill the worm!
A giant cockroach comes into view.
The giant cockroach barely misses you. The giant cockroach closely misses you.
You slash the giant cockroach!
You kill the giant cockroach!
You see here a giant cockroach corpse.
q - a scroll labeled GUS RELOBB You now have 51 gold pieces (gained 10).
A leopard gecko comes into view.
The leopard gecko hisses angrily.
Found 7 gold pieces.
You barely miss the leopard gecko. The leopard gecko bites you.
* * * LOW HITPOINT WARNING * * *
You hit the leopard gecko but do no damage.
The leopard gecko bites you.
You die...

......# #..........
#....###.#...##.####
#........#.......###
#.#.#.##...##......#
#.#†#.###.###.##.#.# .
#.#.#.# #.# #.# #
#.##.#.#.# #.# #.#
.......#.###.###.#
#.##.###........@#
#.##.###.........l......
.............##..##$....
..##..........#.####...#
. ##.###..##........#.##
.......†.##.##........#
.....##............... #
.....##....†....<.....
############.†........


You could see a leopard gecko.

Vanquished Creatures
  2 oozes (D:1)
  A worm (D:2)
  2 leopard geckos
  A giant cockroach (D:2)
  4 goblins
  6 hobgoblins
  A quokka (D:2)
  3 bats
  3 frilled lizards
  5 kobolds
  6 rats
34 creatures vanquished.

Vanquished Creatures (others)
  A worm (D:2)
  A rat (D:2)
2 creatures vanquished.

Grand Total: 36 creatures vanquished

Notes
Turn   | Place    | Note
-------+----------+-------------------------------------------
     0 | D:1      | slep the Demonspawn Gladiator began the quest for the Orb.
     0 | D:1      | Reached XP level 1. HP: 16/16 MP: 1/1
    74 | D:1      | Gained mutation: You are immune to rotting. [demonic ancestry]
    74 | D:1      | Reached XP level 2. HP: 17/22 MP: 2/2
   348 | D:1      | Reached XP level 3. HP: 22/28 MP: 3/3
   488 | D:2      | Slain by a leopard gecko

Vault maps used:
D:1:      minmay_arrival_three_doors, serial_bayou_pond_d
D:2:      minmay_diamond_boxcup, grunt_temple_overflow_holy_war

Skill      XL: |  1  2  3 |
---------------+----------+-----
Axes           | 3 |  3.6
Dodging        | 3 |  3.0
Fighting       | |  2.4
Throwing       | |  1.8
Armour         | |  0.1

Action                   || total
-------------------------++-------
Melee: War axe           ||    57
       Hand axe          ||    49
 Stab: Sleeping          ||     1
Armor: Leather armour    ||    35
Dodge: Dodged            ||    93

Table legend:
 A = Spawn XP
 B = Non-spawn XP
 C = Spawn XP percentage of total XP
 D = Spawn monster count
 E = Non-spawn monster count
 F = Spawn count percentage of total count
 G = Total turns spent on level
                    A         B        C        D         E        F      G
               +---------+---------+-------+---------+---------+-------+---------
         Total |       0 |      69 |   0.0 |       0 |      34 |   0.0 |   488
               +---------+---------+-------+---------+---------+-------+---------
           D:1 |       0 |      44 |   0.0 |       0 |      22 |   0.0 |   403
           D:2 |       0 |      25 |   0.0 |       0 |      12 |   0.0 |    85
               +---------+---------+-------+---------+---------+-------+---------
